 Dungeon Crawl Stone Soup version 0.13.1-2-gfb2c2b7 (webtiles) character file.

1403 Lilouch the Poker (level 8, -26/69 HPs)
             Began as a Demonspawn Chaos Knight on Dec 11, 2013.
             Was a Plaything of Xom.
             Killed from afar by a worm (61 damage)
             ... with an exploding inner flame
             ... hexed by Xom
             ... on Level 7 of the Dungeon.
             The game lasted 00:17:38 (5682 turns).

Lilouch the Poker (Demonspawn Chaos Knight)         Turns: 5682, Time: 00:17:39

HP -26/69        AC  6     Str 16      XL: 8   Next: 15%
MP  17/17        EV 10     Int 12      God: Xom
Gold 261         SH  0     Dex 14      Spells:  0 memorised,  7 levels left

Res.Fire  : x . .   See Invis. : .   a - melded +0,-1 spear (chaos) {=f}
Res.Cold  : + + +   Warding    : .   j - melded +0 plate armour
Life Prot.: . . .   Conserve   : .   (shield currently unavailable)
Res.Poison: +       Res.Corr.  : .   (helmet currently unavailable)
Res.Elec. : .       Clarity    : +   s - melded +1 dwarf cloak
Sust.Abil.: . .     Spirit.Shd : .   (gloves currently unavailable)
Res.Mut.  : .       Stasis     : .   e - melded +0 pair of orc boots
Res.Rott. : .       Flight     : .   H - amulet of clarity {unknown}
Saprovore : . . .                    G - ring of sustenance
                                     O - ring of the Octopus King {MP+9 AC+1 EV+1 Str+1 Dex+1 Int+1}

@: ice-form, slightly resistant to hostile enchantments, unstealthy
A: (antennae 0), (hooves 0), demonic guardian 1, deterioration 1, herbivore 1,
Int -2
a: Renounce Religion


You were on level 7 of the Dungeon.
You worshipped Xom.
You were a beloved toy of Xom.
You were hungry.
You were a creature of crystalline ice.
You visited 2 branches of the dungeon, and saw 8 of its levels.

You collected 241 gold pieces.

Inventory:

Hand weapons
 a - a +0,-1 spear of chaos (melded) {=f}
 o - a +0 blowgun
 v - a +1 elven blowgun
 D - a +3,+2 quarterstaff of chaos
Missiles
 n - 17 poisoned needles
Armour
 b - a +2 leather armour
 e - a +0 pair of orcish boots (melded)
 j - a +0 plate armour (melded)
 r - a +0 golden helmet
 s - a +1 dwarven cloak (melded)
 Q - a +0 pair of elven gloves
Magical devices
 C - a wand of digging (12) {unknown}
Comestibles
 c - 4 bread rations
 w - a cheese
 x - an apple
 J - a meat ration
 P - a choko
Scrolls
 g - 6 scrolls of identify {unknown}
 h - 4 scrolls of recharging {unknown}
 i - 4 scrolls of teleportation {unknown}
 k - a scroll of curse armour {unknown}
 l - a scroll of enchant armour {unknown}
 p - a scroll of fog {unknown}
 t - a scroll of enchant weapon II {unknown}
 y - a scroll of magic mapping {unknown}
 A - 4 scrolls of remove curse {unknown}
 I - a scroll of blinking {unknown}
 K - a scroll of noise {unknown}
 M - a scroll of fear {unknown}
Jewellery
 f - an uncursed ring of sustenance
 G - a ring of sustenance (right paw)
 H - an amulet of clarity (around neck) {unknown}
 O - a ring of the Octopus King (left paw) {MP+9 AC+1 EV+1 Str+1 Dex+1 Int+1}
   (You found it on level 6 of the Dungeon)

   [ring of magical power]

   It affects your AC (+1).
   It affects your evasion (+1).
   It affects your strength (+1).
   It affects your intelligence (+1).
   It affects your dexterity (+1).
Potions
 d - a potion of magic {unknown}
 q - 2 potions of confusion {unknown}
 z - 5 potions of curing {unknown}
 B - a potion of decay {unknown}
 E - 2 potions of berserk rage {unknown}
 F - a potion of degeneration {unknown}
 N - a potion of resistance {unknown}
Books
 u - a book of Alchemy

   Spells                             Type                      Level
   Lethal Infusion                    Charms/Necromancy            2
   Sublimation of Blood               Necromancy                   2
   Condensation Shield                Ice                          4
   Alistair's Intoxication            Transmutation/Poison         4
   Petrify                            Transmutation/Earth          4
   Ignite Poison                      Fire/Transmutation           5


   Skills:
 - Level 3.0 Fighting
 + Level 6.8 Polearms
 + Level 6.4 Armour
 - Level 0.8 Dodging


You had 7 spell levels left.
You didn't know any spells.

Dungeon Overview and Level Annotations

Branches:
Dungeon (7/27)             Temple (1/1) D:5
    Orc: D:6-11

Altars:
Ashenzari
Elyvilon
Nemelex Xobeh
Okawaru
Sif Muna
Yredelemnul


Innate Abilities, Weirdness & Mutations

((You have hoof-like feet.))*
A weak demonic guardian rushes to your aid.
((You have a pair of small antennae on your head.))*
Your body is slowly deteriorating.
You are dopey. (Int -2)
You digest meat inefficiently.


Message History

* * * LOW HITPOINT WARNING * * *
An orc comes into view. It is wielding an orcish club.
Drink which item? (? for menu, Esc to quit)
You feel much better.
The orc priest prays to Beogh.
You feel troubled.
The worm is engulfed in roaring flames.
The worm explodes!
The fiery explosion engulfs the kobold.
The kobold explodes!
You hear an explosion!
The fiery explosion engulfs the orc priest.
The orc priest explodes!
The fiery explosion engulfs you! The fire burns you terribly!
Xom thinks this is hilarious!
One of your 7 scrolls labeled DOOTIK JEZUXKY catches fire!
One of your 2 scrolls labeled TEB GUAQIW catches fire!
Ouch! That really hurt!
You die...
Xom giggles madly!

.#..###..#
.....##..##
..........#
.....##.#.#
.....##.#.#
.........#.#####
###.....###..§.#
####...#.###§###
#....o...§§§I#
#...#.####.#§#
#####.# #.#§#
##.####.#%#
#>......#.#
#......##<#
#.#.##.##.#
#...##.##.#
##...#.##.#


You could see an orc.

Vanquished Creatures
  Grinder (D:3)
  An ogre (D:4)
  A giant frog (D:6)
  A manticore zombie (D:7)
  2 centaurs
  3 crimson imps
  A hound (D:4)
  Crazy Yiuf (D:3)
  An orc wizard (D:4)
  2 iguanas (D:5)
  5 worker ants
  An ogre skeleton (D:4)
  A hound zombie (D:5)
  12 adders
  2 worms
  An iguana zombie (D:6)
  A giant eyeball (D:4)
  4 giant geckos
  2 oozes (D:1)
  11 orcs
  2 ball pythons
  2 giant mites
  8 hobgoblins
  4 jackals (D:2)
  8 kobolds
  10 bats
  3 giant cockroaches
  6 giant newts
  10 goblins
  A hobgoblin skeleton (D:7)
  A quokka (D:3)
  11 rats
  2 rat skeletons
122 creatures vanquished.

Vanquished Creatures (collateral kills)
  A crimson imp (D:6)
  2 hounds (D:6)
  A jelly (D:7)
  An orc wizard (D:7)
  A worm (D:6)
  An ufetubus (D:7)
  A goblin (D:3)
  A rat (D:4)
9 creatures vanquished.

Vanquished Creatures (others)
  A crimson imp (D:7)
  2 iron imps (D:6)
  An orc priest (D:7)
  2 lemures
  A white imp (D:7)
  An ufetubus (D:4)
  An orc (D:6)
  A giant gecko zombie (D:3)
  A kobold (D:7)
11 creatures vanquished.

Grand Total: 142 creatures vanquished

Notes
Turn   | Place    | Note
--------------------------------------------------------------
     0 | D:1      | Lilouch, the Demonspawn Chaos Knight, began the quest for the Orb.
     0 | D:1      | Reached XP level 1. HP: 16/16 MP: 1/1
   323 | D:1      | Gained mutation: You have large cloven feet. [demonic ancestry]
   323 | D:1      | Reached XP level 2. HP: 6/22 MP: 2/2
   383 | D:1      | XOM: noise
   585 | D:1      | XOM: silly message
   955 | D:1      | You fall through a shaft!
  1050 | D:2      | Reached XP level 3. HP: 28/28 MP: 3/3
  1228 | D:2      | XOM: harmless Divn miscast
  1373 | D:2      | Found a basalt altar of Yredelemnul.
  1373 | D:2      | Found a sparkling altar of Nemelex Xobeh.
  1697 | D:3      | Gained mutation: A weak demonic guardian rushes to your aid. [demonic ancestry]
  1697 | D:3      | Reached XP level 4. HP: 34/34 MP: 4/4
  1995 | D:3      | HP: 1/34 [poisoned by a kobold]
  2086 | D:3      | Noticed Jessica
  2108 | D:3      | Noticed Jessica
  2108 | D:3      | Jessica changed into Jessica the adder
  2120 | D:3      | Killed Jessica the adder
  2402 | D:3      | Reached skill level 4 in Polearms
  2422 | D:3      | Noticed Grinder
  2451 | D:3      | Paralysed by Grinder for 6 turns
  2458 | D:3      | Killed Grinder
  2458 | D:3      | Reached XP level 5. HP: 5/39 MP: 5/5
  2458 | D:3      | Reached XP level 6. HP: 5/46 MP: 6/6
  2982 | D:3      | Noticed Crazy Yiuf
  2995 | D:3      | Killed Crazy Yiuf
  3010 | D:3      | XOM: vitrification
  3022 | D:3      | XOM: mild Conj miscast
  3282 | D:4      | Reached skill level 5 in Polearms
  3374 | D:4      | XOM: mild Conj miscast
  3441 | D:4      | Found a deep blue altar of Sif Muna.
  3441 | D:4      | XOM: 2-stop teleportation journey
  3510 | D:4      | Found an iron altar of Okawaru.
  3541 | D:4      | Paralysed by a giant eyeball for 3 turns
  3548 | D:4      | Paralysed by a giant eyeball for 3 turns
  3559 | D:4      | Paralysed by it for 2 turns
  3626 | D:4      | Reached skill level 5 in Armour
  3734 | D:4      | Gained mutation: You have hoof-like feet. [demonic ancestry]
  3734 | D:4      | Reached XP level 7. HP: 51/51 MP: 7/7
  3946 | D:4      | XOM: give mutations
  3946 | D:4      | Gained mutation: You have a pair of small antennae on your head. [Xom's grace]
  3946 | D:4      | Gained mutation: Your spells are a little harder to cast, but a little more powerful. [Xom's grace]
  3972 | D:4      | XOM: harmless Hex miscast
  4109 | D:4      | Found a white marble altar of Elyvilon.
  4110 | D:4      | Found a shattered altar of Ashenzari.
  4178 | D:4      | XOM: vitrification
  4259 | D:5      | Entered Level 5 of the Dungeon
  4627 | D:5      | Found a staircase to the Ecumenical Temple.
  4633 | Temple   | Entered the Ecumenical Temple
  4666 | D:5      | XOM: harmless Erth miscast
  4753 | D:5      | Reached skill level 6 in Polearms
  5148 | D:6      | XOM: swap monsters
  5161 | D:6      | XOM: cast spell 'Summon Horrible Things'
  5193 | D:6      | XOM: give mutations
  5193 | D:6      | Lost mutation: Your spells are a little harder to cast, but a little more powerful. [Xom's mischief]
  5193 | D:6      | Gained mutation: You digest meat inefficiently. [Xom's mischief]
  5193 | D:6      | Gained mutation: You are dopey. (Int -2) [Xom's mischief]
  5193 | D:6      | Gained mutation: Your body is slowly deteriorating. [Xom's mischief]
  5209 | D:6      | Got a ring of the Octopus King
  5336 | D:6      | XOM: divination: magic mapping
  5439 | D:6      | XOM: mild Fire miscast
  5551 | D:7      | Reached XP level 8. HP: 47/58 MP: 8/8
  5666 | D:7      | XOM: polymorph goliath beetle -> worm
  5669 | D:7      | XOM: cast spell 'Ice Form'
  5672 | D:7      | XOM: inner flame monster(s)
  5682 | D:7      | Killed from afar by a worm

Action                   |  1- 3 |  4- 6 |  7- 9 || total
-------------------------+-------+-------+-------++-------
Melee: Spear             |   126 |   210 |   192 ||   528
       Unarmed           |       |       |     4 ||     4
  Use: Potion            |       |     3 |     1 ||     4
 Stab: Paralysed         |       |     6 |     9 ||    15
       Distracted        |       |     1 |     1 ||     2
       Petrified         |       |       |     3 ||     3
       Confused          |       |       |     1 ||     1
